[Event "11th American Continental Women 2018"]
[Site "Envigado"]
[Date "2018.11.18"]
[Round "2.9"]
[White "Cordero, Daniela"]
[Black "Cosme Contreras, Trilce"]
[Result "0-1"]
[ECO "A00"]
[WhiteElo "2085"]
[BlackElo "1829"]
[Annotator "NA RC"]
[PlyCount "91"]
[EventDate "2018.11.17"]
[EventType "swiss"]
[EventRounds "9"]
[EventCountry "COL"]
[SourceTitle "playchess.com"]
[Source "ChessBase"]
[SourceQuality "1"]
[TimeControl "40/5400+30:1800+30"]

1. d4 Nf6 2. Nf3 g6 3. c4 Bg7 4. g3 O-O 5. Bg2 d6 6. O-O Nc6 7. d5 Na5 8. Nfd2 c5 9. a3 b6 10. b4 Nb7 11. Bb2 a6 12. Nc3 Bd7 13. h3 b5 14. Re1 Rc8 15. cxb5 axb5 16. Rc1 Qb6 17. Qb3 Nh5 18. e3 f5 19. Ne2 Nf6 20. Nf4 Kh8 21. e4 g5 22. Ne6 Bxe6 23. dxe6 c4 24. Qc2 fxe4 25. Nxe4 Nxe4 26. Bxg7+ Kxg7 27. Bxe4 h6 28. Qc3+ Rf6 29. Re2 Rcf8 30. Bd5 Nd8 31. Rcc2 Nc6 32. Bxc6 Qxc6 33. Re3 Kh7 34. Qd4 Qb7 35. a4 bxa4 36. Qxc4 Qb6 37. Qe4+ Kg7 38. Ra2 d5 39. Qe5 d4 40. Rf3 Qxb4 41. Raa3 Rc8 42. Rxf6 exf6 43. Qd5 Rc7 44. Qd8 Ra7 45. Rf3 Re7 46. Qd5 0-1

[Event "11th American Continental Women 2018"]
[Site "Envigado"]
[Date "2018.11.18"]
[Round "2.11"]
[White "Moncada Correa, Sara"]
[Black "Besso, Guadalupe"]
[Result "0-1"]
[ECO "A00"]
[WhiteElo "1792"]
[BlackElo "2069"]
[Annotator "NA RC"]
[PlyCount "140"]
[EventDate "2018.11.17"]
[EventType "swiss"]
[EventRounds "9"]
[EventCountry "COL"]
[SourceTitle "playchess.com"]
[Source "ChessBase"]
[SourceQuality "1"]
[TimeControl "40/5400+30:1800+30"]

1. d4 Nf6 2. c4 g6 3. Nf3 Bg7 4. g3 O-O 5. Bg2 c6 6. Nc3 d5 7. cxd5 Nxd5 8. O-O Nxc3 9. bxc3 Nd7 10. e4 c5 11. Qe2 cxd4 12. cxd4 Nb6 13. Be3 Bd7 14. Rac1 a6 15. Rfe1 Bb5 16. Qb2 Nc4 17. Qb3 Nxe3 18. Qxe3 Qa5 19. Rc2 Rac8 20. Rec1 Rxc2 21. Rxc2 Rd8 22. Bf1 Bxf1 23. Kxf1 Qa4 24. Qb3 Qd7 25. Kg2 b5 26. Rc5 e6 27. d5 Qe7 28. Rc6 exd5 29. exd5 Qe4 30. Rxa6 Rxd5 31. Ra8+ Bf8 32. Qe3 Qxe3 33. fxe3 Kg7 34. Kf2 Rd3 35. Ke2 Rc3 36. Nd4 b4 37. Ra7 Kf6 38. Kf3 Bc5 39. Ra6+ Kg7 40. Ke4 h5 41. Ra4 Bf8 42. Ra7 Kf6 43. Ra5 Bh6 44. Ra6+ Kg7 45. Rb6 Rxe3+ 46. Kd5 Ra3 47. Rxb4 Rxa2 48. Nf3 Re2 49. Rb3 Bc1 50. Rc3 Bb2 51. Rb3 Kh6 52. Rb7 f6 53. Rb3 g5 54. h3 g4 55. hxg4 hxg4 56. Nh4 Be5 57. Nf5+ Kg5 58. Ng7 Rg2 59. Ne6+ Kg6 60. Nf4+ Bxf4 61. gxf4 Kf5 62. Rb6 Rf2 63. Kd4 Rxf4+ 64. Ke3 Rf3+ 65. Ke2 Kg5 66. Rb8 f5 67. Rh8 Kf4 68. Rf8 Kg3 69. Rg8 Ra3 70. Rf8 f4 0-1

[Event "11th American Continental Women 2018"]
[Site "Envigado"]
[Date "2018.11.18"]
[Round "2.12"]
[White "Ocampo, Cristina"]
[Black "Munoz Monroy, Cinthya Carolina"]
[Result "1/2-1/2"]
[ECO "A00"]
[WhiteElo "1771"]
[BlackElo "2032"]
[Annotator "NA RC"]
[PlyCount "80"]
[EventDate "2018.11.17"]
[EventType "swiss"]
[EventRounds "9"]
[EventCountry "COL"]
[SourceTitle "playchess.com"]
[Source "ChessBase"]
[SourceQuality "1"]
[TimeControl "40/5400+30:1800+30"]

1. e4 e5 2. Nf3 Nc6 3. Bb5 f5 4. d3 fxe4 5. dxe4 Nf6 6. Bg5 Bc5 7. O-O d6 8. Nc3 O-O 9. Na4 Bb6 10. Nxb6 axb6 11. c3 Qe8 12. Nd2 Qg6 13. Bxf6 Rxf6 14. f3 Ne7 15. Qe1 Qg5 16. Rd1 Ng6 17. Rf2 Nf4 18. Kh1 Rh6 19. Nf1 Be6 20. b3 Rf8 21. Rfd2 Rff6 22. Qe3 Rfg6 23. Qf2 Nh5 24. Be8 Bf7 25. Bxf7+ Kxf7 26. Rc2 Qf4 27. g4 Nf6 28. Qe3 Nd7 29. Qxf4+ exf4 30. Rf2 Ne5 31. Rd4 Rh4 32. Nd2 h5 33. gxh5 Rxh5 34. Nc4 Nc6 35. Rd1 b5 36. Nb2 Ne5 37. Nd3 Nxd3 38. Rxd3 Rhg5 39. Rd1 Ke6 40. Rfd2 Rh6 1/2-1/2

[Event "11th American Continental Women 2018"]
[Site "Envigado"]
[Date "2018.11.18"]
[Round "2.13"]
[White "Caballero Quijano, Mitzy Mishell"]
[Black "Hoyos Garces, Rosana"]
[Result "1-0"]
[ECO "A00"]
[WhiteElo "1992"]
[BlackElo "1586"]
[Annotator "NA RC"]
[PlyCount "63"]
[EventDate "2018.11.17"]
[EventType "swiss"]
[EventRounds "9"]
[EventCountry "COL"]
[SourceTitle "playchess.com"]
[Source "ChessBase"]
[SourceQuality "1"]
[TimeControl "40/5400+30:1800+30"]

1. d4 d5 2. Nf3 e6 3. c4 Be7 4. g3 Nf6 5. Bg2 O-O 6. O-O Nbd7 7. b3 b6 8. cxd5 exd5 9. Bb2 Bb7 10. Nc3 Re8 11. Rc1 Ne4 12. Nd2 Bg5 13. Ncxe4 dxe4 14. e3 c5 15. Nc4 Qe7 16. Qe2 Ba6 17. Rfd1 Bf6 18. Ba3 Qe6 19. dxc5 Nxc5 20. Bxc5 bxc5 21. Qh5 Be7 22. Bh3 Qf6 23. Qf5 Qh6 24. Ne5 Rf8 25. Bg2 Bb7 26. Bxe4 g6 27. Qf3 Bxe4 28. Qxe4 Rfe8 29. Qd5 Qg7 30. Nc6 Bf8 31. e4 a5 32. Rc4 1-0

[Event "11th American Continental Women 2018"]
[Site "Envigado"]
[Date "2018.11.18"]
[Round "2.14"]
[White "Zapata, Olga Maria"]
[Black "Barria Baker, Raisa Melissa"]
[Result "1/2-1/2"]
[ECO "A00"]
[WhiteElo "1695"]
[BlackElo "1941"]
[Annotator "NA RC"]
[PlyCount "86"]
[EventDate "2018.11.17"]
[EventType "swiss"]
[EventRounds "9"]
[EventCountry "COL"]
[SourceTitle "playchess.com"]
[Source "ChessBase"]
[SourceQuality "1"]
[TimeControl "40/5400+30:1800+30"]

1. d4 d5 2. Nf3 Nf6 3. Bf4 c6 4. e3 Qb6 5. b3 Bf5 6. Bd3 Bxd3 7. Qxd3 Nbd7 8. h3 e6 9. O-O Be7 10. Nbd2 O-O 11. c4 a5 12. c5 Qd8 13. Rac1 b6 14. cxb6 Qxb6 15. Ne5 Nxe5 16. Bxe5 Nd7 17. Bg3 Rac8 18. Nf3 Ba3 19. Rc2 Nb8 20. Ne5 f6 21. Nf3 Na6 22. Qe2 Rfe8 23. Rd1 c5 24. dxc5 Nxc5 25. Nd4 Ne4 26. Rxc8 Rxc8 27. Qf3 Bb2 28. Qg4 Bxd4 29. Rxd4 Rc2 30. a4 Rc3 31. Rd1 Rxb3 32. Rc1 Rb1 33. Rxb1 Qxb1+ 34. Kh2 Qb6 35. Qe2 Nc5 36. Qc2 h6 37. f3 Kf7 38. Bf2 Qb4 39. h4 Qc4 40. Qb1 Qxa4 41. Qb6 Qb4 42. Qc7+ Kg8 43. h5 Kh7 1/2-1/2

[Event "11th American Continental Women 2018"]
[Site "Envigado"]
[Date "2018.11.18"]
[Round "2.16"]
[White "Caballero Marrugo, Maria Jose"]
[Black "Prado, Alexandra"]
[Result "0-1"]
[ECO "A00"]
[WhiteElo "1338"]
[BlackElo "1873"]
[Annotator "NA RC"]
[PlyCount "132"]
[EventDate "2018.11.17"]
[EventType "swiss"]
[EventRounds "9"]
[EventCountry "COL"]
[SourceTitle "playchess.com"]
[Source "ChessBase"]
[SourceQuality "1"]
[TimeControl "40/5400+30:1800+30"]

1. e4 c5 2. Nf3 Nc6 3. d4 cxd4 4. Nxd4 Nf6 5. Nc3 e5 6. Nf3 Bb4 7. Bd3 d5 8. exd5 Nxd5 9. Bd2 Nxc3 10. bxc3 Bc5 11. O-O h6 12. Re1 Qf6 13. Be3 Bxe3 14. Rxe3 O-O 15. Bb5 Bg4 16. h3 Rad8 17. Qe2 Bxf3 18. Rxf3 Qd6 19. Bxc6 bxc6 20. Rd3 Qe6 21. Qe3 a5 22. a4 Rd5 23. c4 Rxd3 24. cxd3 Qd6 25. Rd1 Rb8 26. d4 exd4 27. Qxd4 Qxd4 28. Rxd4 Rb4 29. Rd8+ Kh7 30. c5 Rc4 31. Rd7 Rc1+ 32. Kh2 f6 33. g4 Rxc5 34. Ra7 Kg6 35. f4 f5 36. Kg3 Rc3+ 37. Kh4 Rc5 38. Ra6 Kf6 39. Kg3 Rc3+ 40. Kg2 Rc5 41. Kg3 g5 42. fxg5+ hxg5 43. gxf5 Kxf5 44. Kf3 Ke5 45. Kg4 Kf6 46. Kf3 Kf5 47. Kg3 Kg6 48. Kg4 Kh6 49. Kf3 Kh5 50. Kg3 Kh6 51. Kg4 Rc4+ 52. Kg3 Rxa4 53. Rxc6+ Kh5 54. Rc3 Rb4 55. Rd3 a4 56. Kg2 Rb2+ 57. Kf1 Rb3 58. Rd4 a3 59. Ra4 Rxh3 60. Ra5 Kh4 61. Ra4+ g4 62. Kg2 Rb3 63. Kf1 Rb1+ 64. Ke2 Rb2+ 65. Kd1 a2 66. Kc1 Rb1+ 0-1

[Event "11th American Continental Women 2018"]
[Site "Envigado"]
[Date "2018.11.18"]
[Round "3.11"]
[White "Prado, Alexandra"]
[Black "Cordero, Daniela"]
[Result "0-1"]
[ECO "A00"]
[WhiteElo "1873"]
[BlackElo "2085"]
[Annotator "NA RC"]
[PlyCount "94"]
[EventDate "2018.11.17"]
[EventType "swiss"]
[EventRounds "9"]
[EventCountry "COL"]
[SourceTitle "playchess.com"]
[Source "ChessBase"]
[SourceQuality "1"]
[TimeControl "40/5400+30:1800+30"]

1. e4 e6 2. d3 d5 3. Nd2 Nf6 4. g3 dxe4 5. dxe4 Nc6 6. Bg2 e5 7. Ngf3 Bc5 8. O-O O-O 9. c3 a5 10. a4 b6 11. h3 Ba6 12. Re1 Qe7 13. Nh4 g6 14. Qb3 Nh5 15. Nf1 Nxg3 16. Nf5 Nxf5 17. exf5 Qf6 18. Be3 gxf5 19. Bxc5 bxc5 20. Qd5 e4 21. Qxc5 Ne5 22. Re3 Kh8 23. Ng3 f4 24. Rxe4 fxg3 25. Qxe5 gxf2+ 26. Kh2 Qxe5+ 27. Rxe5 Rae8 28. Rxa5 Re1 29. Rxa6 Rxa1 30. Rf6 Rxa4 31. Rxf2 Kg7 32. Bd5 Ra1 33. b4 f5 34. b5 Kf6 35. c4 Ke5 36. Re2+ Kd4 37. Kg2 f4 38. Kf2 Ra3 39. Re4+ Kd3 40. Re7 Ra2+ 41. Kf3 Ra3 42. Rxh7 Kd4+ 43. Kf2 f3 44. Rf7 Rxf7 45. Bxf7 Ke5 46. Bd5 Kf4 47. Bxf3 Rxf3+ 0-1

[Event "11th American Continental Women 2018"]
[Site "Envigado"]
[Date "2018.11.18"]
[Round "3.12"]
[White "Castrillon Gomez, Melissa"]
[Black "Ocampo, Cristina"]
[Result "1/2-1/2"]
[ECO "A00"]
[WhiteElo "2301"]
[BlackElo "1771"]
[Annotator "RC"]
[PlyCount "89"]
[EventDate "2018.11.17"]
[EventType "swiss"]
[EventRounds "9"]
[EventCountry "COL"]
[SourceTitle "playchess.com"]
[Source "ChessBase"]
[SourceQuality "1"]
[TimeControl "40/5400+30:1800+30"]

1. e4 e5 2. Nf3 Nc6 3. Bb5 a6 4. Ba4 Nf6 5. O-O b5 6. Bb3 Be7 7. Re1 O-O 8. h3 d6 9. c3 Be6 10. Bc2 d5 11. d4 Nxe4 12. dxe5 Bc5 13. Be3 Bxe3 14. Rxe3 Re8 15. Nbd2 Nxd2 16. Qxd2 Ne7 17. Nd4 Qd7 18. g4 c5 19. Ne2 Nc6 20. f4 d4 21. cxd4 Nxd4 22. Nxd4 Qxd4 23. Qxd4 cxd4 24. Rd3 Rac8 25. Rd2 h5 26. Bd1 hxg4 27. hxg4 Rcd8 28. b3 Re7 29. Bf3 d3 30. Rad1 Rd4 31. Kf2 Rxf4 32. Kg3 Rd4 33. Rxd3 Rxd3 34. Rxd3 a5 35. Rd8+ Kh7 36. Ra8 a4 37. bxa4 b4 38. Be4+ g6 39. Kf4 Bxa2 40. a5 b3 41. a6 b2 42. a7 Bd5 43. Rb8 Bxe4 44. Kxe4 Rxa7 45. Rxb2 1/2-1/2

[Event "11th American Continental Women 2018"]
[Site "Envigado"]
[Date "2018.11.18"]
[Round "3.13"]
[White "Munoz Monroy, Cinthya Carolina"]
[Black "Zapata, Olga Maria"]
[Result "1-0"]
[ECO "A00"]
[WhiteElo "2032"]
[BlackElo "1695"]
[Annotator "NA RC"]
[PlyCount "125"]
[EventDate "2018.11.17"]
[EventType "swiss"]
[EventRounds "9"]
[EventCountry "COL"]
[SourceTitle "playchess.com"]
[Source "ChessBase"]
[SourceQuality "1"]
[TimeControl "40/5400+30:1800+30"]

1. e4 d5 2. exd5 Qxd5 3. Nc3 Qa5 4. d4 c6 5. Nf3 Bg4 6. h3 Bxf3 7. Qxf3 Nf6 8. Bc4 e6 9. Bd2 Qb6 10. Qd3 Nbd7 11. O-O Bd6 12. Rfe1 O-O 13. Ne4 Nxe4 14. Rxe4 Nf6 15. Rh4 g6 16. Re1 Rfe8 17. Qf3 Nd5 18. Bxd5 exd5 19. Rxe8+ Rxe8 20. Rxh7 Qc7 21. Rh4 Qe7 22. g3 f5 23. Rh6 Kg7 24. Be3 Qe4 25. Qxe4 Rxe4 26. Rh4 Rxh4 27. gxh4 f4 28. Bd2 Kf6 29. Kg2 Kf5 30. Kf3 b5 31. a3 a6 32. Bb4 Bc7 33. Be7 Bb8 34. Bf8 Bc7 35. Bh6 Bd6 36. Bg7 Bc7 37. Be5 Bd8 38. Bxf4 Bxh4 39. Be3 Be7 40. Bd2 Bh4 41. Bb4 Bf6 42. c3 Bd8 43. Bd6 Bg5 44. b3 Bd8 45. Ke3 Bg5+ 46. Kd3 Bf6 47. c4 Bd8 48. a4 bxa4 49. bxa4 Bg5 50. f3 Ke6 51. Bg3 Bd8 52. cxd5+ Kxd5 53. Be1 Bf6 54. Bc3 Bg7 55. f4 Bf6 56. a5 Bg7 57. h4 Bf6 58. f5 gxf5 59. h5 Bg7 60. Bd2 f4 61. Bxf4 Bxd4 62. h6 Ba1 63. Bd2 1-0

[Event "11th American Continental Women 2018"]
[Site "Envigado"]
[Date "2018.11.18"]
[Round "3.14"]
[White "Barria Baker, Raisa Melissa"]
[Black "Gomez Guardo, Laura Meli"]
[Result "0-1"]
[ECO "A00"]
[WhiteElo "1941"]
[BlackElo "1842"]
[Annotator "NA RC"]
[PlyCount "60"]
[EventDate "2018.11.17"]
[EventType "swiss"]
[EventRounds "9"]
[EventCountry "COL"]
[SourceTitle "playchess.com"]
[Source "ChessBase"]
[SourceQuality "1"]
[TimeControl "40/5400+30:1800+30"]

1. d4 Nf6 2. Nf3 g6 3. c4 Bg7 4. Nc3 d6 5. h3 Nbd7 6. e4 e5 7. d5 Nc5 8. Qc2 a5 9. Be3 Qe7 10. Be2 O-O 11. Nd2 Ne8 12. Nb3 Nxb3 13. axb3 f5 14. exf5 Bxf5 15. Bd3 Qf7 16. O-O Qd7 17. f3 Nf6 18. Ne4 Nh5 19. Qd2 b6 20. g4 Bxe4 21. fxe4 Nf4 22. Bxf4 exf4 23. Rxf4 Bd4+ 24. Kh1 Rxf4 25. Qxf4 Rf8 26. Qg3 Qf7 27. Rd1 Be5 28. Qg2 Qf3 29. Rd2 Qe3 30. Bc2 Qe1+ 0-1

[Event "11th American Continental Women 2018"]
[Site "Envigado"]
[Date "2018.11.18"]
[Round "3.16"]
[White "Hoyos Garces, Rosana"]
[Black "Caballero Marrugo, Maria Jose"]
[Result "1/2-1/2"]
[ECO "A00"]
[WhiteElo "1586"]
[BlackElo "1338"]
[Annotator "NA RC"]
[PlyCount "58"]
[EventDate "2018.11.17"]
[EventType "swiss"]
[EventRounds "9"]
[EventCountry "COL"]
[SourceTitle "playchess.com"]
[Source "ChessBase"]
[SourceQuality "1"]
[TimeControl "40/5400+30:1800+30"]

1. e4 e5 2. Nf3 Nf6 3. Nxe5 d6 4. Nf3 Nxe4 5. Qe2 Qe7 6. d3 Nf6 7. Qxe7+ Bxe7 8. Be2 O-O 9. Be3 Nc6 10. O-O Be6 11. Nd4 Nxd4 12. Bxd4 Nd5 13. Nc3 Nxc3 14. Bxc3 Rad8 15. a3 d5 16. Be5 Bd6 17. Bxd6 Rxd6 18. Rfe1 Re8 19. Bf3 Kf8 20. Kf1 b6 21. Re2 Rd7 22. Rae1 Rde7 23. g3 d4 24. Kg2 c5 25. a4 Bd7 26. Rxe7 Rxe7 27. Rxe7 Kxe7 28. b3 Kd6 29. h4 Ke5 1/2-1/2

[Event "11th American Continental Women 2018"]
[Site "Envigado"]
[Date "2018.11.19"]
[Round "4.13"]
[White "Caballero Quijano, Mitzy Mishell"]
[Black "Ocampo, Cristina"]
[Result "1/2-1/2"]
[ECO "A00"]
[WhiteElo "1992"]
[BlackElo "1771"]
[Annotator "NA RC"]
[PlyCount "60"]
[EventDate "2018.11.17"]
[EventType "swiss"]
[EventRounds "9"]
[EventCountry "COL"]
[SourceTitle "playchess.com"]
[Source "ChessBase"]
[SourceQuality "1"]
[TimeControl "40/5400+30:1800+30"]

1. d4 d5 2. Nf3 Nf6 3. c4 c6 4. e3 e6 5. b3 Nbd7 6. Bb2 Bd6 7. Bd3 O-O 8. Nbd2 Re8 9. O-O e5 10. dxe5 Nxe5 11. Nxe5 Bxe5 12. Bxe5 Rxe5 13. Qc2 Bg4 14. Rfe1 Qe7 15. cxd5 Rxd5 16. Nf1 Rad8 17. Bc4 R5d7 18. e4 Qe5 19. f3 Bh5 20. Qf2 Bg6 21. Rac1 Nh5 22. g3 Nf6 23. h3 Qa5 24. Rb1 b5 25. b4 Qa3 26. Bb3 a5 27. Re3 Rd3 28. Rxd3 Rxd3 29. Qb6 h5 30. bxa5 Nd7 1/2-1/2

[Event "11th American Continental Women 2018"]
[Site "Envigado"]
[Date "2018.11.19"]
[Round "4.14"]
[White "Moncada Correa, Sara"]
[Black "Barria Baker, Raisa Melissa"]
[Result "1/2-1/2"]
[ECO "A00"]
[WhiteElo "1792"]
[BlackElo "1941"]
[Annotator "NA RC"]
[PlyCount "94"]
[EventDate "2018.11.17"]
[EventType "swiss"]
[EventRounds "9"]
[EventCountry "COL"]
[SourceTitle "playchess.com"]
[Source "ChessBase"]
[SourceQuality "1"]
[TimeControl "40/5400+30:1800+30"]

1. d4 d5 2. c4 c6 3. Nf3 Nf6 4. Qc2 g6 5. Bf4 Bf5 6. Qb3 Qb6 7. Nbd2 Nbd7 8. e3 Bg7 9. Be2 O-O 10. h3 Rac8 11. c5 Qxb3 12. axb3 a6 13. b4 Ne4 14. Nb3 f6 15. g4 e5 16. gxf5 exf4 17. fxg6 hxg6 18. exf4 Kf7 19. Na5 Rc7 20. Nh4 Rh8 21. Ng2 f5 22. Nb3 Nf8 23. h4 Ne6 24. Rd1 Re7 25. h5 Kf6 26. Rh3 g5 27. f3 g4 28. fxg4 fxg4 29. Bxg4 Bh6 30. Bxe6 Rxe6 31. Kf1 Rg8 32. Rdd3 Rg4 33. Rdf3 Re8 34. Rh4 Rg7 35. Rhh3 Reg8 36. Rh2 Rg4 37. Rd3 Ke6 38. Rf3 Kf6 39. Rd3 Re8 40. Rhh3 Reg8 41. Rh2 Ke6 42. Rf3 Kd7 43. f5 Ke7 44. Nh4 Rg1+ 45. Ke2 Kf6 46. Ng6 Re8 47. Ne5 Reg8 1/2-1/2

[Event "11th American Continental Women 2018"]
[Site "Envigado"]
[Date "2018.11.19"]
[Round "4.15"]
[White "Zapata, Olga Maria"]
[Black "Hoyos Garces, Rosana"]
[Result "1/2-1/2"]
[ECO "A00"]
[WhiteElo "1695"]
[BlackElo "1586"]
[Annotator "NA RC"]
[PlyCount "60"]
[EventDate "2018.11.17"]
[EventType "swiss"]
[EventRounds "9"]
[EventCountry "COL"]
[SourceTitle "playchess.com"]
[Source "ChessBase"]
[SourceQuality "1"]
[TimeControl "40/5400+30:1800+30"]

1. d4 Nf6 2. c4 d5 3. cxd5 Nxd5 4. e4 Nf6 5. Nc3 e6 6. a3 Be7 7. Nf3 O-O 8. Bc4 c5 9. O-O Nc6 10. dxc5 Bxc5 11. b4 Bd6 12. Bb2 Ne5 13. Nxe5 Bxe5 14. Qxd8 Rxd8 15. Rad1 Bd7 16. f3 Rac8 17. Na4 Bxh2+ 18. Kxh2 Bxa4 19. Rxd8+ Rxd8 20. Rf2 Nh5 21. g3 b5 22. Bf1 Nf6 23. g4 Ne8 24. Be5 f6 25. Bb2 Nc7 26. Kg3 Na8 27. Bc1 a6 28. Be3 Nc7 29. Bb6 Rd7 30. Bd3 Ne8 1/2-1/2

[Event "11th American Continental Women 2018"]
[Site "Envigado"]
[Date "2018.11.20"]
[Round "5.12"]
[White "Ocampo, Cristina"]
[Black "Cordero, Daniela"]
[Result "1/2-1/2"]
[ECO "A00"]
[WhiteElo "1771"]
[BlackElo "2085"]
[Annotator "NA RC"]
[PlyCount "95"]
[EventDate "2018.11.17"]
[EventType "swiss"]
[EventRounds "9"]
[EventCountry "COL"]
[SourceTitle "playchess.com"]
[Source "ChessBase"]
[SourceQuality "1"]
[TimeControl "40/5400+30:1800+30"]

1. e4 e6 2. d4 d5 3. Nc3 Nf6 4. Bg5 Bb4 5. e5 h6 6. exf6 hxg5 7. fxg7 Rg8 8. h4 gxh4 9. Qh5 Qf6 10. Qxh4 Qxg7 11. O-O-O Bd7 12. Nf3 a6 13. Ne5 Nc6 14. Nxc6 Bxc6 15. Rd3 Be7 16. Qh7 O-O-O 17. Rf3 Qg5+ 18. Kb1 Rg7 19. Qd3 Bd6 20. Rh7 Rxh7 21. Qxh7 Qd2 22. Qd3 Qe1+ 23. Qd1 Qxd1+ 24. Nxd1 Rf8 25. Ne3 Kd7 26. c3 f6 27. Ng4 Be7 28. Rh3 Rg8 29. f3 Kd6 30. Rh7 Be8 31. Kc1 Bg6 32. Rh1 e5 33. Kd2 Ke6 34. Bd3 c5 35. Bxg6 Rxg6 36. dxe5 fxe5 37. Ke2 b5 38. Rh6 Rxh6 39. Nxh6 Bg5 40. Ng4 a5 41. Nf2 b4 42. Kd1 Bh4 43. Nh3 Bg3 44. Ng5+ Kf5 45. Nf7 e4 46. fxe4+ Kxe4 47. Ng5+ Kd3 48. Ne6 1/2-1/2

[Event "11th American Continental Women 2018"]
[Site "Envigado"]
[Date "2018.11.20"]
[Round "5.13"]
[White "Munoz Monroy, Cinthya Carolina"]
[Black "Gomez Guardo, Laura Meli"]
[Result "1-0"]
[ECO "A00"]
[WhiteElo "2032"]
[BlackElo "1842"]
[Annotator "NA RC"]
[PlyCount "65"]
[EventDate "2018.11.17"]
[EventType "swiss"]
[EventRounds "9"]
[EventCountry "COL"]
[SourceTitle "playchess.com"]
[Source "ChessBase"]
[SourceQuality "1"]
[TimeControl "40/5400+30:1800+30"]

1. e4 c5 2. Nf3 Nc6 3. c3 d5 4. exd5 Qxd5 5. d4 Bg4 6. Be2 cxd4 7. cxd4 e6 8. Nc3 Qa5 9. O-O Nf6 10. a3 a6 11. Bf4 Be7 12. Qb3 Ra7 13. Rfd1 Nd5 14. Nxd5 Qxd5 15. Qb6 O-O 16. Rac1 Bd8 17. Bc7 Bxc7 18. Qxc7 Rfa8 19. h3 Bxf3 20. Bxf3 Qd8 21. Qf4 Ne7 22. Rc7 b5 23. Rdc1 Rxc7 24. Rxc7 Rc8 25. Ra7 Nf5 26. d5 g5 27. Qe5 Qb6 28. dxe6 fxe6 29. Rd7 Rc1+ 30. Kh2 Rc5 31. Qf6 Qb8+ 32. g3 Qf8 33. Rd8 1-0

[Event "11th American Continental Women 2018"]
[Site "Envigado"]
[Date "2018.11.20"]
[Round "5.14"]
[White "Caballero Marrugo, Maria Jose"]
[Black "Caballero Quijano, Mitzy Mishell"]
[Result "0-1"]
[ECO "A00"]
[WhiteElo "1338"]
[BlackElo "1992"]
[Annotator "NA RC"]
[PlyCount "114"]
[EventDate "2018.11.17"]
[EventType "swiss"]
[EventRounds "9"]
[EventCountry "COL"]
[SourceTitle "playchess.com"]
[Source "ChessBase"]
[SourceQuality "1"]
[TimeControl "40/5400+30:1800+30"]

1. e4 e6 2. d4 d5 3. Nc3 Nf6 4. exd5 exd5 5. Nf3 Be7 6. Bd3 Bg4 7. Bf4 c6 8. O-O O-O 9. Re1 Nbd7 10. Be2 Re8 11. Qd3 Nh5 12. Qd2 Bb4 13. h3 Bf5 14. Bh2 Nhf6 15. a3 Ne4 16. Qf4 Nxc3 17. Qxf5 Nxe2+ 18. Rxe2 Rxe2 19. axb4 g6 20. Qd3 Re8 21. Qd2 a6 22. Qh6 f6 23. h4 Qe7 24. Qd2 Qf7 25. Bf4 Re4 26. c3 Rae8 27. Be3 Qe7 28. Re1 Nb6 29. b3 Nc8 30. g3 Nd6 31. Qd3 Nf5 32. Nd2 Rxe3 33. fxe3 Nxg3 34. Kf2 Nf5 35. h5 Qd6 36. Nf1 Kg7 37. hxg6 hxg6 38. Ke2 Nh4 39. Kd1 f5 40. Qe2 Rh8 41. Qf2 g5 42. Ng3 Kg6 43. Rf1 Qe6 44. Rg1 Re8 45. Kd2 g4 46. Kd3 Nf3 47. Rh1 Re7 48. Rh5 Rh7 49. Rxh7 Kxh7 50. Qf1 Qh6 51. Qh1 Qxh1 52. Nxh1 Kg6 53. c4 Kg5 54. Ke2 Kh4 55. Kf2 Nd2 56. Ng3 Ne4+ 57. Nxe4 fxe4 0-1

[Event "11th American Continental Women 2018"]
[Site "Envigado"]
[Date "2018.11.20"]
[Round "5.15"]
[White "Barria Baker, Raisa Melissa"]
[Black "Hoyos Garces, Rosana"]
[Result "1-0"]
[ECO "A00"]
[WhiteElo "1941"]
[BlackElo "1586"]
[Annotator "NA RC"]
[PlyCount "83"]
[EventDate "2018.11.17"]
[EventType "swiss"]
[EventRounds "9"]
[EventCountry "COL"]
[SourceTitle "playchess.com"]
[Source "ChessBase"]
[SourceQuality "1"]
[TimeControl "40/5400+30:1800+30"]

1. d4 Nf6 2. Nf3 g6 3. c4 Bg7 4. Nc3 d6 5. h3 Nbd7 6. e4 e5 7. d5 Nc5 8. Nd2 a5 9. Be2 O-O 10. Qc2 Ne8 11. Nb3 Nxb3 12. Qxb3 f5 13. Be3 b6 14. O-O-O Bd7 15. f3 Nf6 16. g4 f4 17. Bf2 Be8 18. Bh4 Qb8 19. Bxf6 Bxf6 20. h4 Qa7 21. a4 Rc8 22. Kb1 c6 23. g5 Be7 24. Rdg1 Kg7 25. Bf1 Bd7 26. h5 Rh8 27. Qc2 cxd5 28. Nxd5 Bc6 29. Rh2 b5 30. Qg2 Be8 31. hxg6 Bxg6 32. axb5 Qd4 33. Be2 Bd8 34. Rd1 Qc5 35. Qg4 Rf8 36. Qe6 Ra8 37. Nc3 Bc7 38. Rdh1 a4 39. Qe7+ Kg8 40. Rxh7 Rf7 41. Rxf7 Bxf7 42. Qf6 1-0

[Event "11th American Continental Women 2018"]
[Site "Envigado"]
[Date "2018.11.20"]
[Round "6.7"]
[White "Gonzalez Ochoa, Yoana"]
[Black "Munoz Monroy, Cinthya Carolina"]
[Result "1-0"]
[ECO "A00"]
[WhiteElo "2058"]
[BlackElo "2032"]
[Annotator "NA RC"]
[PlyCount "63"]
[EventDate "2018.11.17"]
[EventType "swiss"]
[EventRounds "9"]
[EventCountry "COL"]
[SourceTitle "playchess.com"]
[Source "ChessBase"]
[SourceQuality "1"]
[TimeControl "40/5400+30:1800+30"]

1. e4 d5 2. exd5 Nf6 3. Nc3 Nxd5 4. Nf3 g6 5. d4 Bg7 6. Be2 O-O 7. O-O Nxc3 8. bxc3 c5 9. Ba3 b6 10. Ne5 Bb7 11. Bf3 Qc7 12. Re1 Rd8 13. Bxb7 Qxb7 14. Rb1 Qd5 15. c4 Qxd4 16. Qf3 Bxe5 17. Qxa8 Qf4 18. g3 Qf6 19. Rbd1 Bd4 20. Qg2 Nc6 21. Kh1 Rd6 22. f4 Bc3 23. Rxd6 Qxd6 24. Rf1 Qe6 25. Qd5 Qh3 26. Rd1 Nd4 27. Qe4 Qg4 28. Rd3 h5 29. Kg2 Ba5 30. Bb2 b5 31. Bxd4 bxc4 32. Qa8+ 1-0

[Event "11th American Continental Women 2018"]
[Site "Envigado"]
[Date "2018.11.20"]
[Round "6.12"]
[White "Toro Castaneda, Elizabeht"]
[Black "Barria Baker, Raisa Melissa"]
[Result "1/2-1/2"]
[ECO "A00"]
[WhiteElo "1932"]
[BlackElo "1941"]
[Annotator "NA RC"]
[PlyCount "48"]
[EventDate "2018.11.17"]
[EventType "swiss"]
[EventRounds "9"]
[EventCountry "COL"]
[SourceTitle "playchess.com"]
[Source "ChessBase"]
[SourceQuality "1"]
[TimeControl "40/5400+30:1800+30"]

1. e4 e6 2. d4 d5 3. Nc3 dxe4 4. Nxe4 Bd7 5. Nf3 Bc6 6. Bd3 Nd7 7. Bf4 Be7 8. Qe2 Ngf6 9. O-O-O Bxe4 10. Bxe4 Nxe4 11. Qxe4 c6 12. Rhe1 Nf6 13. Qd3 O-O 14. Ng5 h6 15. Ne4 Nd5 16. Bd2 b5 17. Qg3 Qc7 18. Qxc7 Nxc7 19. Bf4 Nd5 20. Bd6 Bxd6 21. Nxd6 a5 22. c3 Ra7 23. Ne4 Rb8 24. Kc2 Kf8 1/2-1/2